 Dungeon Crawl Stone Soup version 0.19-a0-1111-gcceb26a (webtiles) character file.

50 aronpayne the Skirmisher (level 3, 0/34 HPs)
             Began as a Naga Fighter on Aug 11, 2016.
             Slain by a gnoll
             ... wielding a +0 whip
              (7 damage)
             ... on level 2 of the Dungeon.
             The game lasted 00:03:31 (1240 turns).

aronpayne the Skirmisher (Naga Fighter)             Turns: 1240, Time: 00:03:32

Health: 0/34       AC:  5    Str: 24    XL:     3   Next: 79%
Magic:  3/3        EV:  5    Int:  8    God:
Gold:   54         SH:  9    Dex: 10    Spells: 0 memorised, 2 levels left

rFire  . . .     SeeInvis +     a - +0 long sword
rCold  . . .     Gourm    .     b - +0 scale mail
rNeg   . . .     Faith    .     c - +0 shield
rPois  +         Spirit   .     (no helmet)
rElec  .         Dismiss  .     o - +0 cloak
rCorr  .         Reflect  .     (no gloves)
SustAt .         Harm     .     (no barding)
MR     .....                    (no amulet)
Stlth  ..........               (no ring)
                                (no ring)

@: mighty, very slow
A: see invisible, deformed body, poison resistance, slowness 2, slow metabolism
1, spit poison 2, AC +1
a: Spit Poison


You were on level 2 of the Dungeon.
You were not hungry.

You visited 1 branch of the dungeon, and saw 2 of its levels.

You collected 54 gold pieces.

Inventory:

Hand Weapons
 a - a +0 long sword (weapon)
 s - a +1 spear of venom
Armour
 b - a +0 scale mail (worn)
 c - a +0 shield (worn)
 o - a +0 cloak (worn)
Scrolls
 h - a scroll of remove curse {unknown}
 i - a scroll of amnesia {unknown}
 p - a scroll of fear {unknown}
 r - a scroll of magic mapping {unknown}
Potions
 e - a potion of agility {unknown}
 g - 2 potions of resistance {unknown}
 j - a potion of degeneration {unknown}
 k - a potion of invisibility {unknown}
 l - 2 potions of ambrosia {unknown}
 n - a potion of flight {unknown}
 q - a potion of lignification {unknown}
Comestibles
 f - a bread ration
 m - 5 chunks of flesh


   Skills:
 * Level 3.4 Fighting
 * Level 2.4 Long Blades
 + Level 2.8 Armour
 + Level 0.4 Dodging
 + Level 1.4 Stealth
 + Level 2.6 Shields


You had 2 spell levels left.
You didn't know any spells.

Dungeon Overview and Level Annotations

Branches:
Dungeon (2/15)

Altars:


Innate Abilities, Weirdness & Mutations

You cannot wear boots.
Your serpentine skin is tough. (AC +1)
You have supernaturally acute eyesight. (SInv)
Armour fits poorly on your strangely shaped body.
Your system is resistant to poisons. (rPois)
You cover ground very slowly.
You have a slow metabolism.
You can spit poison.


Message History

The kobold hits you but does no damage.
You are too injured to fight recklessly!
You are too injured to fight recklessly!
You are too injured to fight recklessly!
You are too injured to fight recklessly!
You are too injured to fight recklessly!
Unknown command.
You hit the kobold.
You kill the kobold!
You block the gnoll's attack.
Your shield and scale mail prevent you from hitting the gnoll.
The gnoll hits you with a whip.
* * * LOW HITPOINT WARNING * * *
You block the gnoll's attack.
You barely miss the gnoll. You block the gnoll's attack.
You barely miss the gnoll. The gnoll hits you but does no damage.
You slash the gnoll!
The gnoll is severely wounded.
You block the gnoll's attack. The gnoll hits you with a whip!
You die...

# .# #. #. #. #.###
#$g.# ###.@.###
#.......###
#.........##
#..........##
###.........##
##..........# ###
.............# ...
###.#........#
#.###......#########


You could see a gnoll.

Vanquished Creatures
  A gnoll (D:2)
  A worm (D:2)
  3 giant geckos
  A giant cockroach (D:1)
  7 hobgoblins
  7 kobolds
  A quokka (D:2)
  4 bats
  2 giant newts (D:2)
  2 goblins (D:1)
  7 rats
36 creatures vanquished.

Vanquished Creatures (others)
  4 toadstools (D:1)
4 creatures vanquished.

Grand Total: 40 creatures vanquished

Notes
Turn   | Place    | Note
-------+----------+-------------------------------------------
     0 | D:1      | aronpayne the Naga Fighter began the quest for the Orb.
     0 | D:1      | Reached XP level 1. HP: 21/21 MP: 1/1
   289 | D:1      | Reached XP level 2. HP: 23/28 MP: 2/2
   590 | D:1      | Reached skill level 1 in Stealth
   951 | D:2      | Reached XP level 3. HP: 34/34 MP: 3/3
  1240 | D:2      | Slain by a gnoll

Vault maps used:
D:1:      ldierk_walled_garden_2

Skill      XL: |  1  2 |
---------------+-------+-----
Stealth        | 1 |  1.4
Fighting       | |  3.4
Long Blades    | |  2.4
Armour         | |  2.8
Dodging        | |  0.4
Shields        | |  2.6

Action                   || total
-------------------------++-------
Melee: Long sword        ||   130
  Use: Potion            ||     1
  Eat: Chunk             ||     1
Armor: Scale mail        ||    48
Dodge: Dodged            ||    25
Block: Shield            ||    62
